Map: Lightshade LE

Players

LiquidClem (Clem) - Winner!

  • Race: Terran Terran
  • Spawn Location: 5:00

Armani

  • Race: Zerg Zerg
  • League: Diamond
  • Spawn Location: 11:00

Event: Cheeseadelphia Winter Championship 2021

VOD

Have the link to the VOD?

Description

Time

  • Played on: Jan. 24, 2021, 10:21 a.m.
  • Length: 12:34

All games in this series

Show
View Real Time Build Order
Export as new Build Order

LiquidClem Terran - Winner!

Build Orders: Reaper Expand, Hellion Banshee 

Get SALT Encoding   

  12  0:00  SCV  
  13  0:12  SCV  
  14  0:16  Supply Depot  
  14  0:24  SCV  
  15  0:38  SCV  
  15  0:39  Barracks  
  16  0:43  Refinery  
  16  0:50  SCV  
  17  1:02  SCV  
  18  1:14  SCV  
  19  1:26  Orbital Command, Reaper  
  20  1:39  Command Center  
  20  1:47  Supply Depot  
  20  1:52  SCV  
  21  1:58  Marine  
  22  2:04  SCV  
  23  2:10  Factory  
  23  2:16  SCV  
  23  2:20  Barracks Reactor  
  24  2:28  SCV  
  25  2:39  Command Center  
  25  2:40  SCV  
  26  2:51  Orbital Command  
  26  2:53  SCV  
  27  3:00  Starport  
  27  3:03  Refinery  
  27  3:06  SCV  
  27  3:11  Hellion  
  30  3:15  Hellion  
  30  3:17  SCV  
  30  3:19  Barracks Tech Lab  
  33  3:22  SCV  
  34  3:29  SCV  
  34  3:33  Hellion  
  37  3:34  SCV  
  37  3:36  Hellion  
  40  3:41  SCV  
  40  3:44  Banshee  
  40  3:47  SCV  
  45  3:51  Orbital Command  
  45  3:54  SCV  
  46  3:56  Cloaking Field  
  46  3:59  SCV  
  46  4:01  Hellion  
  46  4:02  Hellion  
  51  4:05  Barracks Tech Lab  
  51  4:08  Supply Depot, SCV  
  52  4:11  SCV  
  53  4:17  SCV  
  53  4:20  SCV  
  53  4:21  Supply Depot  
  56  4:24  SCV  
  56  4:26  Banshee, Hellion  
  56  4:30  Hellion  
  63  4:34  SCV  
  63  4:36  SCV x2  
  66  4:40  Armory  
  66  4:44  Supply Depot  
  66  4:45  Refinery  
  66  4:47  Hellion  
  66  4:51  Hellion, Marine  
  72  4:52  SCV  
  72  4:53  SCV  
  72  4:54  SCV  
  74  5:04  Stimpack  
  75  5:07  Barracks  
  75  5:08  Barracks, Supply Depot  
  75  5:09  Hellion  
  75  5:12  Supply Depot, Hellion  
  78  5:15  SCV  
  78  5:18  SCV, Marine  
  78  5:20  Orbital Command  
  81  5:22  Refinery  
  81  5:26  Starport Reactor  
  81  5:27  SCV  
  82  5:29  Hellion x6  
  82  5:30  SCV  
  82  5:33  Engineering Bay x2  
  80  5:36  Marine  
  80  5:39  SCV  
  80  5:40  Bunker  
  74  5:43  Siege Tank  
  74  5:46  SCV  
  74  5:47  SCV  
  78  5:51  SCV  
  78  5:54  Marine  
  78  5:58  SCV  
  78  6:00  SCV  
  78  6:01  Terran Infantry Armor Level 1, Terran Infantry Weapons Level 1  
  79  6:07  Barracks  
  79  6:08  Barracks  
  78  6:12  Starport Reactor, Marine  
  78  6:14  Marine x2  
  78  6:15  Marine x2  
  78  6:16  SCV, Siege Tank  
  78  6:17  SCV  
  88  6:20  Supply Depot, Orbital Command  
  88  6:21  Supply Depot  
  89  6:29  Marine  
  89  6:30  Bunker  
  89  6:31  Marine  
  89  6:32  Marine  
  86  6:38  Marine x2  
  77  6:44  SCV  
  77  6:47  Marine  
  77  6:49  Marine  
  77  6:50  SCV, Marine  
  77  6:52  Medivac x2  
  86  6:54  Marine  
  86  6:55  Supply Depot  
  86  7:00  Supply Depot  
  87  7:05  Supply Depot  
  86  7:10  Supply Depot, Siege Tank  
  86  7:11  Supply Depot  
  86  7:12  Barracks Reactor, Combat Shield  
  86  7:13  Barracks Reactor  
  86  7:20  Marine x2  
  86  7:21  Marine x3  
  86  7:22  Orbital Command, SCV x2  
  90  7:29  Medivac  
  92  7:30  Supply Depot x2  
  92  7:31  Medivac  
  92  7:34  SCV  
  95  7:38  Marine x2  
  95  7:39  Marine x3  
  100  7:46  SCV  
  100  7:47  SCV  
  100  7:48  Factory  
  100  7:50  SCV  
  103  7:53  Marine x2  
  103  7:54  Supply Depot, Marine x2  
  103  7:56  Marine x2  
  103  7:57  Marine  
  110  7:59  Siege Tank, Marine x2  
  110  8:02  SCV x2  
  110  8:04  Refinery, SCV  
  118  8:07  Medivac x2  
  118  8:11  Marine  
  123  8:14  Marine x2  
  123  8:18  Terran Infantry Weapons Level 2  
  123  8:19  Supply Depot, SCV  
  126  8:20  SCV  
  126  8:21  SCV  
  126  8:23  Refinery  
  128  8:27  Marine x3  
  128  8:29  Terran Infantry Armor Level 2  
  128  8:31  SCV  
  128  8:32  Marine  
  133  8:41  SCV, Marine x2  
  136  8:43  Supply Depot  
  136  8:44  Supply Depot, SCV  
  136  8:48  Marine  
  136  8:51  Factory Tech Lab  
  136  8:52  Marine  
  136  8:53  Command Center  
  138  8:57  Marine  
  138  8:59  Supply Depot  
  139  9:04  Medivac  
  139  9:05  Siege Tank  
  144  9:10  Siege Tank  
  144  9:14  Medivac  
  144  9:15  Marine x2  
  144  9:16  Marine  
  152  9:20  Marine  
  153  9:25  Marine x2  
  153  9:35  Supply Depot x3, Marine  
  153  9:37  Siege Tank  
  153  9:38  Drilling Claws  
  154  9:46  Marine x5  
  154  9:48  Medivac  
  154  9:49  Medivac  
  154  9:51  SCV  
  154  9:52  Supply Depot  
  164  9:53  SCV  
  164  9:56  Marine  
  164  9:57  Marauder x2, Widow Mine x2  
  174  10:00  SCV  
  174  10:03  Marine  
  174  10:06  Marine  
  176  10:07  Marine  
  176  10:08  Marine  
  176  10:09  Siege Tank  
  176  10:12  Missile Turret  
  167  10:14  Missile Turret  
  164  10:23  Marine x3  
  164  10:24  Marauder  
  164  10:25  Widow Mine x2  
  164  10:26  Medivac  
  164  10:27  Medivac  
  177  10:31  Marine  
  177  10:33  Marine x2  
  177  10:34  Marine  
  164  10:36  SCV  
  164  10:39  SCV  
  166  10:45  Marauder  
  166  10:46  Marine x3  
  166  10:47  Thor  
  177  10:52  Missile Turret  
  177  11:01  Planetary Fortress  
  177  11:07  Marine  
  177  11:10  Missile Turret  
  178  11:13  Widow Mine x2  
  178  11:17  Marine  
  178  11:18  Marauder x2, Marine x2  
  189  11:19  Marine x2  
  189  11:23  Medivac x2  
  191  11:28  Marine  
  191  11:32  Thor  
  198  11:35  Marine x2  
  198  11:36  Marine  
  200  11:42  Marauder  
  200  11:45  Widow Mine, Marine x3  
  194  11:47  Marine  
  194  11:49  Widow Mine  
  194  11:52  Missile Turret  
  194  11:53  Missile Turret, Marine  
  194  11:54  Marine  
  186  11:59  Marine  
  168  12:03  Marine x4  
  168  12:05  Marine  
  168  12:06  Widow Mine  
  168  12:10  Widow Mine  
  168  12:11  Marine x2  
Show
View Real Time Build Order
Export as new Build Order

Armani Zerg 

Build Orders: Hatch First, Muta Ling Bane 

Get SALT Encoding   

  12  0:01  Drone  
  13  0:13  Overlord  
  13  0:18  Drone  
  14  0:32  Drone x2  
  16  0:48  Hatchery  
  15  0:52  Drone  
  15  0:56  Drone  
  17  0:59  Drone  
  18  1:08  Extractor  
  17  1:14  Spawning Pool  
  17  1:17  Drone  
  17  1:20  Drone  
  18  1:31  Drone  
  19  1:42  Drone  
  20  1:50  Drone  
  21  2:01  Queen x2  
  21  2:02  Zergling x4  
  27  2:15  Hatchery  
  27  2:21  Overlord  
  26  2:24  Drone  
  26  2:29  Metabolic Boost  
  27  2:32  Drone  
  27  2:40  Drone  
  28  2:44  Drone x2  
  28  2:45  Drone  
  28  2:50  Queen  
  33  2:56  Overlord  
  33  3:00  Drone x2  
  35  3:14  Drone  
  35  3:15  Drone x4  
  35  3:16  Drone  
  41  3:23  Overlord  
  41  3:26  Overlord  
  41  3:27  Drone  
  41  3:28  Queen  
  44  3:34  Queen  
  44  3:39  Overlord  
  44  3:40  Drone  
  47  3:43  Drone x2  
  47  3:45  Drone  
  47  3:48  Drone x2  
  52  3:51  Drone x2  
  54  3:58  Zergling x2  
  54  4:00  Zergling x6  
  54  4:01  Drone  
  59  4:04  Queen  
  61  4:10  Lair  
  61  4:16  Roach Warren  
  60  4:18  Overlord  
  60  4:20  Drone  
  60  4:21  Extractor  
  60  4:22  Extractor, Drone x3  
  62  4:24  Drone  
  62  4:26  Drone  
  62  4:29  Overlord  
  62  4:30  Drone  
  65  4:35  Pneumatized Carapace  
  65  4:37  Drone x4  
  69  4:40  Spore Crawler  
  69  4:43  Spore Crawler  
  67  4:48  Queen  
  67  4:51  Spore Crawler  
  68  4:57  Overlord  
  67  5:03  Roach x5  
  67  5:06  Roach x2  
  81  5:10  Overlord  
  81  5:12  Overlord  
  81  5:13  Overseer  
  81  5:14  Overlord  
  81  5:24  Roach x2  
  85  5:39  Zergling x18  
  92  5:50  Zergling x2  
  92  5:51  Zergling x4  
  94  5:58  Ravager x4  
  94  6:03  Zergling x18  
  103  6:06  Ravager  
  103  6:09  Overlord  
  103  6:10  Overlord  
  104  6:15  Ravager  
  104  6:18  Overlord x2  
  105  6:29  Ravager  
  105  6:30  Overseer  
  97  6:40  Drone x12  
  97  6:43  Drone  
  104  6:50  Drone  
  104  6:51  Ravager  
  104  6:53  Drone  
  106  6:54  Drone  
  106  6:55  Drone  
  106  6:56  Drone x2  
  106  6:57  Evolution Chamber, Overseer  
  106  6:59  Baneling Nest, Drone x2  
  106  7:00  Evolution Chamber  
  106  7:01  Extractor x2, Drone  
  110  7:03  Drone  
  110  7:07  Drone  
  110  7:08  Drone  
  111  7:14  Drone  
  112  7:19  Drone  
  110  7:22  Drone  
  110  7:24  Drone  
  110  7:28  Queen x2, Drone  
  102  7:31  Overlord  
  102  7:33  Zerg Ground Armor Level 1, Zerg Melee Weapons Level 1  
  102  7:38  Extractor, Drone  
  102  7:39  Zergling x18  
  102  7:40  Hatchery  
  102  7:43  Hatchery  
  109  7:44  Centrifical Hooks  
  109  7:48  Drone  
  110  7:55  Drone  
  110  7:56  Drone  
  110  7:58  Spire  
  111  8:02  Overseer  
  111  8:12  Zergling x24  
  121  8:25  Overlord  
  121  8:31  Overlord x2  
  121  8:32  Overlord  
  118  8:37  Zergling x4  
  113  8:43  Drone  
  113  8:44  Drone x2  
  116  8:53  Extractor  
  115  9:03  Zergling x6, Baneling x7  
  115  9:04  Zergling x18  
  111  9:23  Mutalisk  
  111  9:24  Mutalisk x11  
  106  9:31  Zergling x6  
  133  9:33  Drone  
  133  9:35  Zerg Flyer Weapons Level 1  
  134  9:42  Drone x4  
  134  9:44  Drone  
  139  9:47  Zerg Ground Armor Level 2  
  139  9:48  Hatchery  
  139  9:49  Zergling x12  
  144  9:53  Hatchery  
  144  9:58  Zerg Melee Weapons Level 2  
  137  10:09  Zergling x16  
  142  10:15  Hatchery, Mutalisk x3  
  142  10:22  Drone x3  
  142  10:25  Mutalisk  
  135  10:36  Drone x2  
  135  10:41  Mutalisk x2  
  141  10:43  Zergling x22  
  152  10:57  Hatchery, Baneling x10  
  151  11:05  Drone  
  151  11:06  Overlord  
  151  11:07  Overlord x2  
  151  11:09  Overlord  
  151  11:10  Overseer  
  152  11:11  Overseer  
  152  11:12  Overlord  
  152  11:16  Overlord  
  151  11:23  Zergling x4  
  151  11:25  Overlord  
  147  11:34  Zergling x8  
  147  11:35  Zergling x26  
  164  11:40  Zergling x12  
  161  11:52  Baneling x8  
  161  11:53  Baneling x23  
  143  12:02  Baneling x4  
  143  12:08  Zergling x10  
Tags
 
Add a new tag
Caveats
  • Supply blocks, unpowered buildings, or Contaminate may cause inaccurate times.
  • Supply counts are checked every 10 seconds.